 Dungeon Crawl Stone Soup version 0.31-a0-978-g1e143483b6 (webtiles) character file.

Game seed: 3760245311476621549

1163 Arzdou the Thaumaturge (level 8, -5/41 HPs)
             Began as a Deep Elf Ice Elementalist on Oct 30, 2023.
             Killed by miscasting Arcjolt (19 damage)
             ... on level 6 of the Dungeon.
             The game lasted 00:09:32 (5551 turns).

Arzdou the Thaumaturge (Deep Elf Ice Elementalist)  Turns: 5551, Time: 00:09:33

Health: -5/41      AC:  6    Str:  5    XL:     8   Next: 17%
Magic:  8/22       EV: 13    Int: 23    God:
Gold:   112        SH:  0    Dex: 15    Spells: 11/23 levels left

rFire   . . .        q - staff of earth
rCold   . . .        (no shield)
rNeg    . . .        a - +0 robe
rPois   .            m - +1 helmet
rElec   .            (no cloak)
rCorr   .            p - +0 pair of gloves
SInv    .            r - +0 pair of boots
Will    .....        (no amulet)
Stlth   ++           (no ring)
HPRegen 0.26/turn    (no ring)
MPRegen 0.18/turn

%: no passive effects
@: freezing walls, very slightly contaminated
A: no striking features
a: no special abilities


You were on level 6 of the Dungeon.
You visited 1 branch of the dungeon, and saw 6 of its levels.

You collected 338 gold pieces.
You spent 226 gold pieces at shops.

Inventory:

Missiles
 j - 9 poisoned darts
Armour
 a - a +0 robe (worn)
 m - a +1 helmet (worn)
 p - a +0 pair of gloves (worn)
 r - a +0 pair of boots (worn)
Magical Staves
 q - a staff of earth (weapon)
Jewellery
 w - a ring of see invisible
Wands
 v - a wand of digging (6)
Scrolls
 d - a scroll of vulnerability
 e - 3 scrolls of fear
 g - 3 scrolls of revelation
 k - 4 scrolls of teleportation
 l - 4 scrolls of immolation
 s - a scroll of noise {unknown}
 t - a scroll of blinking
 u - a scroll of silence {unknown}
Potions
 b - 2 potions of magic
 c - 4 potions of curing
 f - 2 potions of brilliance
 h - 3 potions of resistance
 i - 2 potions of heal wounds
 n - a potion of berserk rage
 o - 2 potions of lignification {unknown}


   Skills:
 - Level 3.1 Dodging
 - Level 3.2 Stealth
 - Level 8.2 Spellcasting
 + Level 2.9 Conjurations
 - Level 8.0 Ice Magic
 + Level 2.6 Air Magic


You had 11 spell levels left.
You knew the following spells:

 Your Spells              Type           Power      Damage    Failure   Level
a - Freeze                Ice            100%       1d10      1%          1
b - Frozen Ramparts       Ice            92%        1d14      1%          3
c - Ozocubu's Armour      Ice            46%        N/A       1%          3
d - Arcjolt               Conj/Air       11%        1d21      52%         5

Your spell library contained the following spells:

 Spells                   Type           Power      Damage    Failure   Level
 Summon Ice Beast         Ice/Summ       27%        N/A       13%         4
 Vhi's Electric Charge    Tloc/Air       30%        N/A       36%         4
 Plasma Beam              Fire/Air       7%         2x1d18    99%         6


Dungeon Overview and Level Annotations

Branches:
Dungeon (6/15)
 Temple: D:4-7

Altars:
Cheibriados
Xom
Zin

Shops:
D:4 (?(!*

Annotations:
D:3 exclusion: ice beast


Message History

You freeze the wyvern zombie.
The wyvern zombie resists.
The wyvern zombie is lightly damaged.
The wyvern zombie resists.
The wall freezes the wyvern zombie.
The wyvern zombie bites you.
The wyvern zombie completely resists.
The wall freezes the wyvern zombie but does no damage.
The wyvern zombie bites you.
You barely miss the wyvern zombie.
The wyvern zombie is lightly damaged.
The water moccasin zombie completely resists.
The wall freezes the water moccasin zombie but does no damage.
The wyvern zombie completely resists.
The wall freezes the wyvern zombie but does no damage.
The wyvern zombie closely misses you.
The water moccasin zombie completely resists.
The wall freezes the water moccasin zombie but does no damage.
You hit the wyvern zombie but do no damage.
The wyvern zombie is lightly damaged.
The wyvern zombie resists.
The wall freezes the wyvern zombie.
The wyvern zombie barely misses you.
The water moccasin zombie completely resists.
The wall freezes the water moccasin zombie but does no damage.
The wyvern zombie completely resists.
The wall freezes the wyvern zombie but does no damage.
The wyvern zombie bites you but does no damage.
Casting: Freeze (safe; 1% risk of failure)
Confirm with . or Enter, or press ? or * to list all spells.
You miscast Arcjolt.
You are very lightly contaminated with residual magic.
There is a short, sharp shower of sparks!
The water moccasin zombie resists.
The wall freezes the water moccasin zombie.
The wyvern zombie resists.
The wall freezes the wyvern zombie.
The wyvern zombie misses you.
Casting: Arcjolt (astonishingly dangerous; 52% risk of failure)
Confirm with . or Enter, or press ? or * to list all spells.
You don't know that spell.
Casting: Arcjolt (astonishingly dangerous; 52% risk of failure)
Confirm with . or Enter, or press ? or * to list all spells.
You miscast Arcjolt.
You feel a sudden electric shock!!
You die...

### .... ~≈~~. ~~§~.#
~§§...# ###########
~§§§P..###.........######
§§...ZZ@.......##.......
.§#####.#.####.#########
#.#.# #.# #.#(# #.# #.#.#
#.# #.#.# #.# #.#.# #.#
#.#.# #.# .#.


You could see a water moccasin zombie and a wyvern zombie.

Vanquished Creatures
  Sigmund (D:2)
  2 black bears
  An ogre (D:5)
  The ghost of Mgcat the Trooper, an amateur OpFi (D:4)
  A gnoll sergeant (D:5)
  2 scorpions (D:5)
  3 orc priests
  4 hounds
  An iguana (D:4)
  A sleepcap (D:6)
  5 gnolls (D:5)
  9 adders
  A white imp (D:6)
  A worm (D:2)
  A dart slug (D:1)
  11 orcs
  12 ball pythons
  A bat (D:1)
  10 endoplasms
  2 giant cockroaches
  8 goblins
  3 hobgoblins
  3 jackals (D:5)
  9 kobolds
  4 quokkas
  4 frilled lizards
  A rat (D:2)
102 creatures vanquished.

Vanquished Creatures (others)
  An angel (D:5)
1 creature vanquished.

Grand Total: 103 creatures vanquished

Notes
Turn   | Place    | Note
-------+----------+-------------------------------------------
     0 | D:1      | Arzdou the Deep Elf Ice Elementalist began the quest for
                  | the Orb.
     0 | D:1      | Reached XP level 1. HP: 10/10 MP: 6/6
   480 | D:1      | Reached XP level 2. HP: 15/15 MP: 5/8
  1082 | D:2      | Reached XP level 3. HP: 19/19 MP: 7/10
  1351 | D:2      | Learned a level 3 spell: Frozen Ramparts
  1355 | D:2      | Learned a level 3 spell: Ozocubu's Armour
  1737 | D:2      | Noticed Sigmund
  1760 | D:2      | Killed Sigmund
  1761 | D:2      | Reached skill level 5 in Spellcasting
  1761 | D:2      | Reached skill level 5 in Ice Magic
  1761 | D:2      | Reached XP level 4. HP: 24/24 MP: 1/13
  1761 | D:2      | Reached XP level 5. HP: 28/28 MP: 1/14
  2094 | D:3      | Noticed an ice beast
  2478 | D:3      | Reached XP level 6. HP: 16/32 MP: 12/17
  2672 | D:3      | Found a snail-covered altar of Cheibriados.
  3173 | D:4      | Found Houthraj's General Store.
  3181 | D:4      | Bought a potion of curing for 36 gold pieces
  3181 | D:4      | Bought a potion of brilliance for 48 gold pieces
  3223 | D:4      | Found Ligi's Distillery.
  3231 | D:4      | Bought a potion of heal wounds for 60 gold pieces
  3444 | D:4      | Found a runed translucent gate.
  3445 | D:4      | Found a runed translucent gate.
  3446 | D:4      | Found a runed translucent gate.
  3451 | D:4      | Noticed Mgcat's ghost (amateur OpFi)
  3484 | D:4      | Killed Mgcat's ghost
  3485 | D:4      | Reached XP level 7. HP: 36/36 MP: 11/19
  3540 | D:4      | Found Casuif's Antique Weapon Shop.
  3795 | D:4      | Found Yloek's Magic Scroll Shop.
  3798 | D:4      | Bought a scroll of blinking for 82 gold pieces
  3820 | D:4      | Found Was Unno's Weapon Shop.
  4002 | D:5      | Entered Level 5 of the Dungeon
  4003 | D:5      | Found a shimmering altar of Xom.
  4047 | D:5      | Noticed an angel
  4054 | D:5      | Found a glowing silver altar of Zin.
  4459 | D:5      | Learned a level 5 spell: Arcjolt
  4483 | D:5      | Killed an angel
  4484 | D:5      | Reached skill level 1 in Conjurations
  4490 | D:5      | Reached skill level 1 in Air Magic
  4927 | D:5      | Reached XP level 8. HP: 37/41 MP: 17/22
  5551 | D:6      | Killed by miscasting Arcjolt

Illustrated notes

Levels and vault maps discovered:
D:1:      psy_arrival_whirlpool, layout_basic, bh_walls_and_bars
D:2:      layout_loops_ring, uniq_sigmund
D:3:      layout_loops_cross, mainiacjoe_overflow_alcove_4,
          hangedman_decor_peaks_small, saegor_snake_ambush
D:4:      layout_gridville, ebering_ghost_rock_garden, serial_shops, shop,
          nicolae_shop_statue_plus, shop, nicolae_shop_rolled_up,
          nicolae_shop_temple_entry_statues_fountains, chequers_jeans,
          minivault_24
D:5:      layout_cave_pods, grunt_temple_overflow_order_and_chaos_1
D:6:      layout_loops_ring, tgw_fedhas, mainiacjoe_overflow_cross_hatched,
          serial_undead, serial_undead_c, serial_undead_f, serial_undead_d,
          serial_undead_a, kennysheep_flooded_box, uniq_edmund

Skill      XL: |  1  2  3  4  5  6  7  8 |
---------------+-------------------------+-----
Stealth        | 3 |  3.2
Dodging        | 3 |  3.1
Spellcasting   | 5 6 7 8 |  8.2
Ice Magic      | 5 6 7 8 |  8.0
Conjurations   | 2 |  2.9
Air Magic      | 1 2 |  2.6

Action                     |  1- 3 |  4- 6 |  7- 9 || total
---------------------------+-------+-------+-------++-------
  Melee: Unarmed           |    12 |     2 |       ||    14
         Staff             |       |     3 |    26 ||    29
   Cast: Freeze            |    49 |    47 |    48 ||   144
         Frozen Ramparts   |     2 |     7 |    12 ||    21
         Ozocubu's Armour  |     1 |     3 |     3 ||     7
    Use: Scroll            |       |     5 |     3 ||     8
   Stab: Distracted        |     1 |       |       ||     1
 Armour: Robe              |    16 |    26 |    50 ||    92
  Dodge: Dodged            |    35 |    28 |    54 ||   117

Table legend: (Time is in decaauts)
 A = Elapsed time spent in this place.
 B = Non-inter-level travel time spent in this place.
 C = Inter-level travel time spent in this place.
 D = Time resting spent in this place.
 E = Time spent auto-exploring this place.
 F = Levels seen in this place.
 G = Mean time per level.
                   A        B        C        D        E       F      G
               +--------+--------+--------+--------+--------+-----+--------+
         Total |   5576 |   5383 |    193 |    234 |   4352 |   6 |  929.3 |
       Dungeon |   5576 |   5383 |    193 |    234 |   4352 |   6 |  929.3 |
               +--------+--------+--------+--------+--------+-----+--------+

Top non-repeatable levels by time:
     D:5: 1259 daAuts
     D:3: 1165 daAuts
     D:1: 1077 daAuts
     D:4: 899 daAuts
     D:2: 881 daAuts
     D:6: 294 daAuts
